 Dungeon Crawl Stone Soup version 0.24.0-1-gfbc8707 (webtiles) character file.

Game seed: 11980737627879139219, levelgen mode: deterministic

4225 Faca the Fighter (level 10, -3/70 HPs)
             Began as a Gargoyle Fighter on Oct 28, 2019.
             Was a Priest of Okawaru.
             Killed from afar by an orc warrior (8 damage)
             ... with an iceblast
             ... on level 7 of the Dungeon.
             The game lasted 00:20:39 (6959 turns).

Faca the Fighter (Gargoyle Fighter)                 Turns: 6959, Time: 00:20:39

Health: -3/70      AC: 18    Str: 22    XL:     10   Next: 30%
Magic:  10/10      EV:  5    Int: 10    God:    Okawaru [***...]
Gold:   297        SH: 10    Dex:  9    Spells: 9/9 levels left

rFire    . . .     SeeInvis .   p - +2 flail (crush)
rCold    + . .     Gourm    .   c - +1 shield
rNeg     + . .     Faith    .   y - +0 chain mail
rPois    ∞         Spirit   .   h - +0 helmet
rElec    +         Reflect  .   (no cloak)
rCorr    .         Harm     .   v - +0 pair of gloves
MR       .....                  (no boots)
Stlth    ..........             (no amulet)
HPRegen  0.21/turn              b - ring of Shadows {Umbra +Inv Stlth+}
MPRegen  0.12/turn              o - ring of protection from cold

@: wreathed by umbra
A: negative energy resistance 1, electricity resistance, unbreathing,
petrification resistance, rot immunity, AC +7
a: Heroism, Renounce Religion, Evoke Invisibility


You were on level 7 of the Dungeon.
You worshipped Okawaru.
Okawaru was most pleased with you.
You were not hungry.

You visited 2 branches of the dungeon, and saw 8 of its levels.
You also visited: Sewer.

You collected 297 gold pieces.

Inventory:

Hand Weapons
 p - a +2 flail of crushing (weapon)
Missiles
 q - 10 boomerangs (quivered)
 x - a throwing net
Armour
 c - a +1 shield (worn)
 h - a +0 helmet (worn)
 v - a +0 pair of gloves (worn)
 y - a +0 chain mail (worn)
Jewellery
 b - the ring of Shadows (left hand) {Umbra +Inv Stlth+}
   (You found it on level 5 of the Dungeon)

   [ring of stealth]

   It lets you turn invisible.
   It makes you more stealthy.
 o - a ring of protection from cold (right hand)
Wands
 i - a wand of polymorph (4)
 C - a wand of enslavement (11)
Scrolls
 g - a scroll of enchant armour
 m - 5 scrolls of remove curse
 s - 3 scrolls of magic mapping
 u - a scroll of fog
 A - 2 scrolls of blinking {unknown}
 B - a scroll of holy word {unknown}
 D - 2 scrolls of teleportation
Potions
 a - a potion of haste
 d - 5 potions of might
 e - 4 potions of curing
 j - 6 potions of flight
 k - 2 potions of resistance {unknown}
 l - 3 potions of lignification
 n - 3 potions of agility {unknown}
 r - a potion of berserk rage {unknown}
 t - 2 potions of heal wounds {unknown}
 w - a potion of mutation {unknown}
 z - a potion of degeneration {unknown}
 E - a potion of invisibility {unknown}
Comestibles
 f - 15 rations


   Skills:
 + Level 11.6 Fighting
 + Level 10.5 Maces & Flails
 - Level 3.2 Armour
 - Level 3.2 Shields


You had 9 spell levels left.
You didn't know any spells.
Your spell library was empty.

Dungeon Overview and Level Annotations

Branches:
Dungeon (7/15)             Temple (1/1) D:6           Sewer (visited)

Altars:
Dithmenos
Elyvilon
Fedhas
Hepliaklqana
Kikubaaqudgha
Makhleb
Nemelex Xobeh
Okawaru
Sif Muna
Trog
Vehumet
Xom
Zin


Innate Abilities, Weirdness & Mutations

You are resistant to torment.
Your stone body is resilient. (AC +7)
You are immune to poison.
You resist negative energy. (rN+)
You are resistant to electric shocks. (rElec)
You can survive without breathing.
You are immune to petrification.
You are immune to rotting.


Message History

You hit the orc warrior.
The orc warrior is moderately wounded.
You block the orc warrior's attack.
You closely miss the orc warrior.
The orc warrior is moderately wounded.
You block the orc warrior's attack.
You barely miss the orc warrior.
The orc warrior is moderately wounded.
You block the orc warrior's attack.
You hit the orc warrior but do no damage.
The orc warrior is moderately wounded.
You block the orc warrior's attack.
You barely miss the orc warrior.
The orc warrior is moderately wounded.
The orc warrior zaps a wand.
The mass of ice explodes!
The iceblast engulfs you! You partially resist.
* * * LOW HITPOINT WARNING * * *
The orc warrior zaps a wand.
The mass of ice explodes!
The iceblast engulfs you! You partially resist.
You die...

....... #[.........##
....... #....###....#
.......#......#>....#
.....#.............##
.....###..........)#
.... #............##
.... !..........)..#
## #..
...........##..## #..
.......@.........
..........(...... .
.......#.[o...... .
.[.....###).#.###
....... ..#.# #......
.## ##..... .. #.....
.. ...


You could see an orc warrior.

Vanquished Creatures
  Pikel (D:7)
  Joseph (D:7)
  Prince Ribbit (D:7)
  A human (D:7)
  4 hogs
  2 hungry ghosts (D:7)
  Purgy (Sewer)
  An ice beast (D:5)
  A sky beast (D:7)
  3 slaves (D:7)
  A black bear (D:7)
  A phantom (D:5)
  3 ogres
  A centaur (D:6)
  2 bullfrogs
  A water moccasin skeleton (D:3)
  7 scorpions
  2 crimson imps (D:7)
  A quasit (D:5)
  4 hounds
  An iron imp (D:3)
  3 orc priests
  4 orc wizards
  2 bullfrog skeletons
  An iguana (D:7)
  3 worker ants
  Natasha (D:1)
  A hound zombie (D:5)
  2 worker ant zombies
  6 gnolls (D:4)
  15 adders
  A howler monkey skeleton (D:4)
  2 shadow imps (D:5)
  2 oozes
  An adder skeleton (D:4)
  6 worms
  2 dart slugs
  5 leopard geckos
  16 orcs
  5 bats
  16 giant cockroaches
  12 goblins
  8 hobgoblins
  12 jackals
  6 quokkas
  5 ball pythons
  5 frilled lizards
  4 kobolds
  A leopard gecko zombie (D:5)
  2 quokka skeletons (D:4)
  11 rats
200 creatures vanquished.

Vanquished Creatures (others)
  A slave (D:7)
  An orc (D:7)
2 creatures vanquished.

Grand Total: 202 creatures vanquished

Notes
Turn   | Place    | Note
-------+----------+-------------------------------------------
     0 | D:1      | Faca the Gargoyle Fighter began the quest for the Orb.
     0 | D:1      | Reached XP level 1. HP: 14/14 MP: 1/1
   214 | D:1      | Reached XP level 2. HP: 16/19 MP: 2/2
   675 | D:2      | Noticed Natasha
   703 | D:1      | Reached XP level 3. HP: 24/24 MP: 3/3
   708 | D:1      | Killed Natasha
   708 | D:1      | Reached skill level 4 in Fighting
   809 | D:2      | Reached XP level 4. HP: 24/30 MP: 4/4
  1213 | D:2      | Noticed Terence
  1216 | D:2      | Noticed Terence
  1216 | D:2      | Terence changed into Terence the ball python
  1222 | D:2      | Killed Terence the ball python
  1569 | D:3      | Noticed Grinder
  1581 | D:2      | Reached XP level 5. HP: 28/34 MP: 5/5
  1981 | D:3      | Reached skill level 5 in Fighting
  2202 | D:3      | Paralysed by Grinder for 4 turns
  2210 | D:3      | Noticed Grinder
  2210 | D:3      | Grinder changed into Grinder the iron imp
  2235 | D:3      | Killed Grinder the iron imp
  2235 | D:3      | Reached XP level 6. HP: 39/40 MP: 6/6
  2741 | D:4      | Reached skill level 6 in Fighting
  2741 | D:4      | Reached skill level 5 in Maces & Flails
  2746 | D:4      | Found a glowing drain.
  2774 | Sewer    | Entered a sewer
  2846 | Sewer    | Noticed Purgy
  2864 | Sewer    | Killed Purgy
  2864 | Sewer    | Reached XP level 7. HP: 26/47 MP: 7/7
  3865 | D:5      | Entered Level 5 of the Dungeon
  3927 | D:5      | Reached skill level 7 in Fighting
  4298 | D:5      | Reached XP level 8. HP: 9/54 MP: 8/8
  4552 | D:5      | Found a blossoming altar of Fedhas.
  4615 | D:5      | Found the ring of Shadows {Umbra +Inv Stlth+}
  4644 | D:5      | Reached skill level 8 in Fighting
  5173 | D:6      | Found a bloodstained altar of Trog.
  5448 | D:6      | Reached skill level 9 in Fighting
  5498 | D:6      | Found a shadowy altar of Dithmenos.
  5568 | D:6      | Found a staircase to the Ecumenical Temple.
  5579 | Temple   | Entered the Ecumenical Temple
  5601 | Temple   | Became a worshipper of Warmaster Okawaru
  5709 | D:6      | Reached XP level 9. HP: 59/60 MP: 9/9
  5715 | D:6      | Found a hazy altar of Hepliaklqana.
  5821 | D:6      | Found a burning altar of Makhleb.
  5821 | D:6      | Noticed an Executioner
  6028 | D:7      | Found a white marble altar of Elyvilon.
  6264 | D:7      | Reached * piety under Okawaru
  6264 | D:7      | Reached skill level 10 in Fighting
  6655 | D:7      | Noticed Joseph
  6667 | D:7      | Killed Joseph
  6667 | D:7      | Reached ** piety under Okawaru
  6667 | D:7      | Reached skill level 11 in Fighting
  6678 | D:7      | Reached XP level 10. HP: 61/69 MP: 10/10
  6694 | D:7      | Noticed Prince Ribbit
  6708 | D:7      | Killed Prince Ribbit
  6708 | D:7      | Reached skill level 10 in Maces & Flails
  6864 | D:7      | Noticed Pikel
  6888 | D:7      | Killed Pikel
  6888 | D:7      | Reached *** piety under Okawaru
  6959 | D:7      | Killed from afar by an orc warrior

Levels and vault maps discovered:
D:1:      eino_arrival_druids_welcome, layout_basic
D:2:      layout_rooms, first_ration, kennysheep_boxes, uniq_natasha,
          uniq_terence
D:3:      minmay_roachtagon, layout_rooms, uniq_grinder
D:4:      layout_basic, portal_sewer_entry_f
D:5:      layout_basic, fedhas_altar_3
D:6:      layout_basic, nicolae_dithmenos_through_a_glass_darkly,
          marbit_many_paths, makhleb_altar_promises_db, temple_hall, bloody_trog
D:7:      layout_cave_pools, elyvilon_altar_5, grunt_livestock, uniq_joseph,
          uniq_prince_ribbit1, uniq_pikel
Temple:   dshaligram_water_room_temple

Skill      XL: |  1  2  3  4  5  6  7  8  9 10 |
---------------+-------------------------------+-----
Fighting       | 4 5 6 7 9 11 | 11.6
Maces & Flails | 3 4 5 6 8 9 10 | 10.5
Armour         | |  3.2
Shields        | |  3.2

Action                   |  1- 3 |  4- 6 |  7- 9 | 10-12 || total
-------------------------+-------+-------+-------+-------++-------
Melee: Flail             |    99 |   309 |   498 |   118 ||  1024
Evoke: Wand              |       |     4 |       |       ||     4
  Use: Scroll            |       |     6 |     8 |       ||    14
       Potion            |       |       |       |     1 ||     1
  Eat: Chunk             |       |     7 |    13 |     8 ||    28
       Ration            |       |       |       |     2 ||     2
Armor: Scale mail        |    48 |   224 |    72 |       ||   344
       Chain mail        |       |       |   225 |    67 ||   292
Dodge: Dodged            |    28 |   136 |   133 |    21 ||   318
Block: Shield            |    59 |   236 |   275 |    50 ||   620
